Monsters vs Punishers

Created - January 22, 2022 at 23:30

Goals
1 2 3 T
Monsters 0 1 0 1
Punishers 1 1 2 4
Shots
1 2 3 T
Monsters 9 6 11 26
Punishers 15 8 12 35

1st period

1. Punishers , Carter Ashton 8 (Brett Kulak 7, Alex Petrovic 1) at 19:37

Penalties :
Louis Domingue (Pro) for Slashing (Minor) at 8:32 - Noah Juulsen served the penalty

2nd period

2. Monsters , Christian Hanson 6 (Aaron Ness 20, Matt Calvert 11) at 0:29 (PP)
3. Punishers , Radek Faksa 5 (Alex Petrovic 2, Tyler Bertuzzi 11) at 13:51

Penalties :
Tyler Bertuzzi (Pro) for High sticking (Minor) at 0:21, Mitch Marner (Cle) for Slashing (Minor) at 8:03

3rd period

4. Punishers , Tyler Bertuzzi 12 (Corey Tropp 17) at 10:43
5. Punishers , Corey Tropp 9 (Radek Faksa 9) at 10:49 (PP)

Penalties :
Tyler Bertuzzi (Pro) for Goalie Interference (Minor) at 0:13, Matt Calvert (Cle) for Delaying the game (Minor) at 10:48

Goalie Stats

Phoenix Copley (Cle), 31 saves from 35 shots - (0.886), L, 6-3-0, 60:00 minutes
Louis Domingue (Pro), 25 saves from 26 shots - (0.962), W, 9-6-2, 60:00 minutes

Players Stats for Monsters

Player Name              G  A  P  +/- PIM S  H  SB GA TA FO     MP     PP MP  PK MP  
------------------------------------------------------------------------------------
Aaron Ness               0  1  1  -2  0   3  1  0  0  2  0/0    24:52   2:34   1:05 
Austin Watson            0  0  0   0  0   0  0  2  1  1  0/0    16:28   1:42   0:32 
Bobby Farnham            0  0  0   0  0   2  0  0  0  0  0/0    12:09   0:03   0:00 
Cameron Hughes           0  0  0   0  0   0  0  0  0  0  0/0     0:00   0:00   0:00 
Christian Hanson         1  0  1  -2  0   3  3  0  0  2  14/26  20:52   2:20   1:11 
Dillon Heatherington     0  0  0  -1  0   2  1  2  0  1  0/0    21:08   1:32   0:55 
Francis Perron           0  0  0   0  0   0  0  0  0  0  0/1     0:38   0:00   0:38 
Jared Knight             0  0  0   0  0   2  2  0  0  0  8/12   15:31   1:42   0:00 
Joakim Nordstrom         0  0  0   0  0   2  3  1  0  0  0/0    11:21   0:00   0:00 
Marc Michaelis           0  0  0  -1  0   1  1  0  2  0  0/0    11:16   0:00   0:00 
Matt Calvert             0  1  1  -2  2   2  3  2  0  0  0/2    20:58   2:21   1:10 
Matt Grzelcyk            0  0  0  -1  0   2  2  0  0  2  0/0    21:08   1:32   0:55 
Maxim Mamin              0  0  0  -1  0   2  1  1  0  0  4/9    11:16   0:00   0:00 
Mitch Marner             0  0  0   0  2   0  2  0  1  0  0/0    15:37   1:42   0:00 
Morgan Rielly            0  0  0  -2  0   2  1  2  1  0  0/0    24:52   2:34   1:05 
Nathan Noel              0  0  0   0  0   0  0  0  0  0  0/0     0:11   0:04   0:00 
Ondrej Kase              0  0  0  -2  0   2  2  2  1  2  1/2    20:03   2:20   0:29 
Patrik Laine             0  0  0   0  0   0  0  0  0  0  0/0     0:31   0:04   0:00 
Richard Nejezchleb       0  0  0  -1  0   0  0  0  1  0  0/0    11:16   0:00   0:00 
Ryan Fitzgerald          0  0  0   0  0   1  2  0  1  0  0/1    11:21   0:00   0:00 
Tarmo Reunanen           0  0  0   0  0   0  0  1  0  0  0/0    13:15   0:00   0:00 
Victor Mete              0  0  0   0  0   0  1  0  0  1  0/0    13:15   0:00   0:00 

Players Stats for Punishers

Player Name              G  A  P  +/- PIM S  H  SB GA TA FO     MP     PP MP  PK MP  
------------------------------------------------------------------------------------
Alex Petrovic            0  2  2   2  0   1  0  1  1  1  0/0    25:25   0:41   2:28 
Alex Schoenborn          0  0  0   0  0   0  0  0  0  0  0/0     0:00   0:00   0:00 
Alexander Nylander       0  0  0   0  0   1  2  0  0  0  0/0    12:19   0:00   0:00 
Anton Blidh              0  0  0   0  0   1  3  0  0  0  0/0     9:53   0:00   0:50 
Artem Zub                0  0  0   0  0   0  1  5  1  0  0/0    18:22   1:19   2:06 
Austen Brassard          0  0  0   0  0   3  0  0  1  1  0/0     9:03   0:00   0:00 
Austin Wagner            0  0  0   0  0   0  0  0  0  0  0/0     0:00   0:00   0:00 
Beck Malenstyn           0  0  0   0  0   0  0  0  0  0  0/0     0:00   0:00   0:00 
Brett Kulak              0  1  1   2  0   2  3  1  0  0  0/0    24:59   0:41   2:23 
Carter Ashton            1  0  1   1  0   4  2  0  0  2  0/1    16:25   0:56   1:02 
Chrstian Dvorak          0  0  0   1  0   2  3  0  1  0  0/0    15:15   0:56   0:00 
Connor Clifton           0  0  0   1  0   0  0  0  0  0  0/0    16:51   0:00   0:10 
Corey Tropp              1  1  2   2  0   3  2  1  1  1  1/1    21:06   1:04   1:57 
Daniel Audette           0  0  0   0  0   2  0  0  0  0  1/3     9:14   0:00   0:10 
Gabriel Gagne            0  0  0   0  0   0  0  0  0  0  0/0     0:00   0:00   0:00 
John Quenneville         0  0  0   1  0   3  2  0  0  1  3/8    16:25   0:56   1:02 
Michael Joly             0  0  0   0  0   0  0  0  0  0  0/0     0:00   0:00   0:00 
Nicolas Roy              0  0  0   0  0   0  0  0  0  0  0/0     0:00   0:00   0:00 
Nikita Gusev             0  0  0   0  0   2  1  0  0  0  0/0    12:19   0:00   0:00 
Niko Mikkola             0  0  0   1  0   1  0  0  1  0  0/0    16:51   0:00   0:10 
Noah Juulsen             0  0  0   0  0   2  2  2  1  2  0/0    17:40   1:19   0:55 
Radek Faksa              1  1  2   2  0   5  2  0  1  0  15/31  20:15   1:04   1:07 
Tyler Bertuzzi           1  1  2   2  4   3  3  0  1  0  0/1    19:07   1:04   0:00 
Zack Hamill              0  0  0   0  0   0  2  0  2  0  6/8    14:23   0:00   2:04 

3 Stars

1 - Corey Tropp (Pro)
2 - Radek Faksa (Pro)
3 - Louis Domingue (Pro)

Power Play

Monsters - 1 on 3 Attempt(s) - 33.33%
Punishers - 1 on 2 Attempt(s) - 50.00%

Penalty Kill

Monsters - 1 on 2 Attempt(s) - 50.00% - Score 0 goal in Penalty Kill
Punishers - 2 on 3 Attempt(s) - 66.67% - Score 0 goal in Penalty Kill

Team Stat

Monsters - Hits : 25 - Faceoff Wins : 27 - Blocked Shots : 13 - Penalty Minutes : 4
Punishers - Hits : 28 - Faceoff Wins : 26 - Blocked Shots : 10 - Penalty Minutes : 6

Official

Referees : Kelly Sutherland and Tim Peel
Linesman : Julien Fournier and Derek Nansen

Game Notes

No Game Note

Finance

Level 1 -- Attendance: 1487 (74.35%) -- Ticket Income $59,480
Level 2 -- Attendance: 548 (54.80%) -- Ticket Income $10,960
Total Attendance: 2035 (67.83%)
Total Ticket Income: $70,440
Other Income: $3,522
Total Income: $73,962

Monsters

5 vs 5 Forward 
   Center                   Left Wing                Right Wing               Time % Phy DF OF 
 1 Christian Hanson         Matt Calvert             Ondrej Kase              40     1   2  2  
 2 Jared Knight             Austin Watson            Mitch Marner             30     1   2  2  
 3 Ryan Fitzgerald          Joakim Nordstrom         Bobby Farnham            20     1   2  2  
 4 Maxim Mamin              Marc Michaelis           Richard Nejezchleb       10     1   2  2  

5 vs 5 Defense 
   Defense                  Defense                                           Time % Phy DF OF 
 1 Morgan Rielly            Aaron Ness                                        40     1   2  2  
 2 Dillon Heatherington     Matt Grzelcyk                                     30     1   2  2  
 3 Victor Mete              Tarmo Reunanen                                    20     1   2  2  
 4 Morgan Rielly            Aaron Ness                                        10     1   2  2  

PowerPlay Forward 
   Center                   Left Wing                Right Wing               Time % Phy DF OF 
 1 Christian Hanson         Matt Calvert             Ondrej Kase              60     1   2  2  
 2 Jared Knight             Austin Watson            Mitch Marner             40     1   2  2  

PowerPlay Defense
   Defense                  Defense                                           Time % Phy DF OF 
 1 Morgan Rielly            Aaron Ness                                        60     1   2  2  
 2 Dillon Heatherington     Matt Grzelcyk                                     40     1   2  2  

Penalty Kill 4 Players Forward 
   Center                   Wing                     Time % Phy DF OF 
 1 Matt Calvert             Christian Hanson         60     1   2  2  
 2 Ondrej Kase              Mitch Marner             40     1   2  2  

Penalty Kill 4 Players Defense
   Defense                  Defense                  Time % Phy DF OF 
 1 Morgan Rielly            Aaron Ness               60     1   2  2  
 2 Dillon Heatherington     Matt Grzelcyk            40     1   2  2  

Penalty Kill - 3 Players Forward 
   Forward                                           Time % Phy DF OF 
 1 Matt Calvert                                      60     1   2  2  
 2 Christian Hanson                                  40     1   2  2  

Penalty Kill - 3 Players Defense
   Defense                  Defense                  Time % Phy DF OF 
 1 Morgan Rielly            Aaron Ness               60     1   2  2  
 2 Dillon Heatherington     Matt Grzelcyk            40     1   2  2  

4 vs 4 Forward 
   Center                   Wing                     Time % Phy DF OF 
 1 Matt Calvert             Christian Hanson         60     1   2  2  
 2 Ondrej Kase              Mitch Marner             40     1   2  2  

4 vs 4 Defense
   Defense                  Defense                  Time % Phy DF OF 
 1 Morgan Rielly            Aaron Ness               60     1   2  2  
 2 Dillon Heatherington     Matt Grzelcyk            40     1   2  2  

Last Minutes Offensive
   Center                   Left Wing                Right Wing               Defense                  Defense                  
   Christian Hanson         Matt Calvert             Ondrej Kase              Morgan Rielly            Aaron Ness               

Last Minutes Defensive
   Center                   Left Wing                Right Wing               Defense                  Defense                  
   Christian Hanson         Matt Calvert             Ondrej Kase              Morgan Rielly            Aaron Ness               

Goaltenders
Starting : Phoenix Copley           
Backup : Eric Comrie              

Extra Forwards
Normal : Patrik Laine, Nathan Noel, Francis Perron - PP : Patrik Laine, Nathan Noel - PK : Francis Perron
Extra Defensemen
Normal : Victor Mete, Tarmo Reunanen, Dillon Heatherington - PP : Victor Mete - PK : Tarmo Reunanen, Dillon Heatherington
Penalty Shots
Matt Calvert, Christian Hanson, Ondrej Kase, Mitch Marner, Bobby Farnham

Scratches
Dominik Simon (Strained Left Knee Injury), Peyton Jones (Healthy)

Punishers

5 vs 5 Forward 
   Center                   Left Wing                Right Wing               Time % Phy DF OF 
 1 Radek Faksa              Tyler Bertuzzi           Corey Tropp              40     1   2  2  
 2 John Quenneville         Chrstian Dvorak          Carter Ashton            30     1   2  2  
 3 Zack Hamill              Nikita Gusev             Alexander Nylander       20     1   2  2  
 4 Daniel Audette           Anton Blidh              Austen Brassard          10     1   2  2  

5 vs 5 Defense 
   Defense                  Defense                                           Time % Phy DF OF 
 1 Brett Kulak              Alex Petrovic                                     40     1   2  2  
 2 Noah Juulsen             Artem Zub                                         30     1   2  2  
 3 Niko Mikkola             Connor Clifton                                    20     1   2  2  
 4 Brett Kulak              Alex Petrovic                                     10     1   2  2  

PowerPlay Forward 
   Center                   Left Wing                Right Wing               Time % Phy DF OF 
 1 Radek Faksa              Tyler Bertuzzi           Corey Tropp              60     1   2  2  
 2 John Quenneville         Chrstian Dvorak          Carter Ashton            40     1   2  2  

PowerPlay Defense
   Defense                  Defense                                           Time % Phy DF OF 
 1 Brett Kulak              Alex Petrovic                                     60     1   2  2  
 2 Noah Juulsen             Artem Zub                                         40     1   2  2  

Penalty Kill 4 Players Forward 
   Center                   Wing                     Time % Phy DF OF 
 1 Zack Hamill              Corey Tropp              60     1   2  2  
 2 John Quenneville         Carter Ashton            40     1   2  2  

Penalty Kill 4 Players Defense
   Defense                  Defense                  Time % Phy DF OF 
 1 Brett Kulak              Alex Petrovic            60     1   2  2  
 2 Noah Juulsen             Artem Zub                40     1   2  2  

Penalty Kill - 3 Players Forward 
   Forward                                           Time % Phy DF OF 
 1 Corey Tropp                                       60     1   2  2  
 2 John Quenneville                                  40     1   2  2  

Penalty Kill - 3 Players Defense
   Defense                  Defense                  Time % Phy DF OF 
 1 Brett Kulak              Alex Petrovic            60     1   2  2  
 2 Noah Juulsen             Artem Zub                40     1   2  2  

4 vs 4 Forward 
   Center                   Wing                     Time % Phy DF OF 
 1 Radek Faksa              Tyler Bertuzzi           60     1   2  2  
 2 Zack Hamill              Chrstian Dvorak          40     1   2  2  

4 vs 4 Defense
   Defense                  Defense                  Time % Phy DF OF 
 1 Brett Kulak              Alex Petrovic            60     1   2  2  
 2 Noah Juulsen             Artem Zub                40     1   2  2  

Last Minutes Offensive
   Center                   Left Wing                Right Wing               Defense                  Defense                  
   Radek Faksa              Tyler Bertuzzi           Corey Tropp              Brett Kulak              Artem Zub                

Last Minutes Defensive
   Center                   Left Wing                Right Wing               Defense                  Defense                  
   Radek Faksa              Tyler Bertuzzi           Corey Tropp              Brett Kulak              Artem Zub                

Goaltenders
Starting : Louis Domingue           
Backup : Daniel Altshuller        

Extra Forwards
Normal : Chrstian Dvorak, Alexander Nylander, Tyler Bertuzzi - PP : Michael Joly, Alexander Nylander - PK : Radek Faksa
Extra Defensemen
Normal : Artem Zub, Alex Petrovic, Brett Kulak - PP : Artem Zub - PK : Noah Juulsen, Alex Petrovic
Penalty Shots
Corey Tropp, Zack Hamill, Tyler Bertuzzi, Radek Faksa, Carter Ashton

Scratches
Ben Betker (Broken Bone (Right Leg) Injury), Fredrik Claesson (Healthy), Connor Ingram (Healthy)

% Time on Ice - Monsters

Lines # - Real PCT - Wanted PCT - Time Play
Normal Forward
1 - 32% - 40% - 17:28
2 - 26% - 30% - 13:49
3 - 21% - 20% - 11:21
4 - 21% - 10% - 11:16
Normal Defense
1 - 37% - 40% - 20:01
2 - 35% - 30% - 18:41
3 - 25% - 20% - 13:15
4 - 4% - 10% - 1:57
PP Forward
1 - 59% - 60% - 2:24
2 - 41% - 40% - 1:42
PP Defense
1 - 63% - 60% - 2:34
2 - 37% - 40% - 1:32
PK Forward
1 - 76% - 60% - 1:31
2 - 24% - 40% - 0:29
PK Defense
1 - 54% - 60% - 1:05
2 - 46% - 40% - 0:55
PK3 Forward
1 - 0% - 60%
2 - 0% - 40%
PK3 Defense
1 - 0% - 60%
2 - 0% - 40%
44 Forward
1 - 0% - 60%
2 - 0% - 40%
44 Defense
1 - 0% - 60%
2 - 0% - 40%
Last Minute Offensive  - 0:00
Last Minute Defensive  - 0:00
Total
Forward - 60:00
Defense - 60:00

% Time on Ice - Punishers

Lines # - Real PCT - Wanted PCT - Time Play
Normal Forward
1 - 34% - 40% - 18:05
2 - 27% - 30% - 14:27
3 - 23% - 20% - 12:19
4 - 17% - 10% - 9:03
Normal Defense
1 - 36% - 40% - 19:35
2 - 30% - 30% - 16:01
3 - 30% - 20% - 15:58
4 - 4% - 10% - 2:20
PP Forward
1 - 53% - 60% - 1:04
2 - 47% - 40% - 0:56
PP Defense
1 - 34% - 60% - 0:41
2 - 66% - 40% - 1:19
PK Forward
1 - 75% - 60% - 3:04
2 - 25% - 40% - 1:02
PK Defense
1 - 45% - 60% - 1:50
2 - 55% - 40% - 2:16
PK3 Forward
1 - 0% - 60%
2 - 0% - 40%
PK3 Defense
1 - 0% - 60%
2 - 0% - 40%
44 Forward
1 - 0% - 60%
2 - 0% - 40%
44 Defense
1 - 0% - 60%
2 - 0% - 40%
Last Minute Offensive  - 0:00
Last Minute Defensive  - 0:00
Total
Forward - 60:00
Defense - 60:00

Play-by-Play

1st period


0:01 of 1st period - Christian Hanson wins face-off versus Radek Faksa in neutral zone.
0:55 of 1st period - Slapshot by Bobby Farnham.
0:55 of 1st period - Shot Blocked by Artem Zub.
0:57 of 1st period - Slapshot by Aaron Ness.
0:57 of 1st period - Stopped by Louis Domingue with a rebound.
1:11 of 1st period - Wrist shot by Austen Brassard.
1:11 of 1st period - Shot Blocked by Dillon Heatherington.
1:13 of 1st period - Snap shot by Noah Juulsen.
1:13 of 1st period - Stopped by Phoenix Copley without a rebound.
1:14 of 1st period - Radek Faksa wins face-off versus Christian Hanson in Monsters zone.
1:15 of 1st period - Wrist shot by Corey Tropp.
1:15 of 1st period - Deflect By Radek Faksa.
1:15 of 1st period - Stopped by Phoenix Copley with a rebound.
1:17 of 1st period - Slapshot by Radek Faksa.
1:17 of 1st period - Stopped by Phoenix Copley without a rebound.
1:18 of 1st period - Radek Faksa wins face-off versus Christian Hanson in Monsters zone.
1:51 of 1st period - Joakim Nordstrom is hit by Tyler Bertuzzi and loses puck.
2:16 of 1st period - Wrist shot by Tyler Bertuzzi.
2:16 of 1st period - Stopped by Phoenix Copley with a rebound.
2:18 of 1st period - Wrist shot by Connor Clifton.
2:18 of 1st period - Shot Misses the Net.
2:20 of 1st period - Wrist shot by Corey Tropp.
2:20 of 1st period - Stopped by Phoenix Copley without a rebound.
2:21 of 1st period - Christian Hanson wins face-off versus John Quenneville in Monsters zone.
2:27 of 1st period - Off-side.
2:28 of 1st period - Christian Hanson wins face-off versus John Quenneville in neutral zone.
2:37 of 1st period - Wrist shot by Matt Calvert.
2:37 of 1st period - Shot Misses the Net.
2:40 of 1st period - Icing by Brett Kulak.
2:41 of 1st period - Jared Knight wins face-off versus John Quenneville in Punishers zone.
3:00 of 1st period - Snap shot by John Quenneville.
3:00 of 1st period - Stopped by Phoenix Copley with a rebound.
3:02 of 1st period - Slapshot by Alex Petrovic.
3:02 of 1st period - Shot Blocked by Austin Watson.
3:10 of 1st period - Wrist shot by John Quenneville.
3:10 of 1st period - Deflect By Chrstian Dvorak.
3:10 of 1st period - Shot Misses the Net.
3:10 of 1st period - Puck is out of play.
3:11 of 1st period - Zack Hamill wins face-off versus Christian Hanson in Monsters zone.
3:28 of 1st period - Zack Hamill is hit by Ondrej Kase and loses puck.
3:52 of 1st period - Snap shot by Christian Hanson.
3:52 of 1st period - Deflect By Ondrej Kase.
3:52 of 1st period - Shot Misses the Net.
3:52 of 1st period - Puck is out of play.
3:53 of 1st period - Maxim Mamin wins face-off versus Daniel Audette in Punishers zone.
3:56 of 1st period - Slapshot by Marc Michaelis.
3:56 of 1st period - Shot Blocked by Alex Petrovic.
4:19 of 1st period - Aaron Ness is hit by John Quenneville and loses puck.
5:07 of 1st period - Snap shot by Maxim Mamin.
5:07 of 1st period - Shot Misses the Net.
5:29 of 1st period - Wrist shot by Ryan Fitzgerald.
5:29 of 1st period - Shot Misses the Net.
5:39 of 1st period - Wrist shot by Austen Brassard.
5:39 of 1st period - Deflect By John Quenneville.
5:39 of 1st period - Shot Misses the Net.
5:39 of 1st period - Puck is out of play.
5:40 of 1st period - John Quenneville wins face-off versus Jared Knight in Monsters zone.
6:25 of 1st period - Alex Petrovic is hit by Ryan Fitzgerald and loses puck.
6:36 of 1st period - Backhand shot by Bobby Farnham.
6:36 of 1st period - Stopped by Louis Domingue without a rebound.
6:37 of 1st period - Christian Hanson wins face-off versus Radek Faksa in Punishers zone.
6:48 of 1st period - Snap shot by Matt Calvert.
6:48 of 1st period - Stopped by Louis Domingue with a rebound.
7:04 of 1st period - Niko Mikkola is hit by Mitch Marner and loses puck.
7:29 of 1st period - Slapshot by Morgan Rielly.
7:29 of 1st period - Stopped by Louis Domingue without a rebound.
7:30 of 1st period - Maxim Mamin wins face-off versus Radek Faksa in Punishers zone.
8:02 of 1st period - Icing by Victor Mete.
8:03 of 1st period - Zack Hamill wins face-off versus Maxim Mamin in Monsters zone.
8:10 of 1st period - Snap shot by Nikita Gusev.
8:10 of 1st period - Stopped by Phoenix Copley with a rebound.
8:28 of 1st period - Wrist shot by Richard Nejezchleb.
8:28 of 1st period - Shot Blocked by Artem Zub.
8:30 of 1st period - Snap shot by Ondrej Kase.
8:30 of 1st period - Shot Misses the Net.
8:32 of 1st period - Slapshot by Christian Hanson.
8:32 of 1st period - Stopped by Louis Domingue without a rebound.
8:32 of 1st period - Minor Penalty to Louis Domingue for Slashing.
8:33 of 1st period - Zack Hamill wins face-off versus Christian Hanson in Punishers zone.
9:00 of 1st period - Corey Tropp is hit by Mitch Marner and loses puck.
9:58 of 1st period - Jared Knight is hit by Anton Blidh and loses puck.
10:05 of 1st period - Radek Faksa is hit by Morgan Rielly and loses puck.
10:32 of 1st period - Penalty to Noah Juulsen is over, Noah Juulsen is back on ice.
10:34 of 1st period - Connor Clifton is hit by Matt Calvert and loses puck.
11:21 of 1st period - Ryan Fitzgerald is hit by Corey Tropp and loses puck.
11:42 of 1st period - Victor Mete is hit by Chrstian Dvorak and loses puck.
11:46 of 1st period - Icing by Victor Mete.
11:47 of 1st period - Jared Knight wins face-off versus Radek Faksa in Monsters zone.
11:47 of 1st period - Jared Knight is hit by Radek Faksa.
11:57 of 1st period - Wrist shot by Tyler Bertuzzi.
11:57 of 1st period - Stopped by Phoenix Copley with a rebound.
12:29 of 1st period - Snap shot by Matt Calvert.
12:29 of 1st period - Shot Blocked by Noah Juulsen.
12:31 of 1st period - Slapshot by Dillon Heatherington.
12:31 of 1st period - Stopped by Louis Domingue with a rebound.
12:33 of 1st period - Wrist shot by Christian Hanson.
12:33 of 1st period - Stopped by Louis Domingue with a rebound.
12:35 of 1st period - Slapshot by Dillon Heatherington.
12:35 of 1st period - Deflect By Matt Calvert.
12:35 of 1st period - Shot Misses the Net.
12:35 of 1st period - Puck is out of play.
12:36 of 1st period - Jared Knight wins face-off versus Radek Faksa in Punishers zone.
14:07 of 1st period - Wrist shot by Tyler Bertuzzi.
14:07 of 1st period - Deflect By Radek Faksa.
14:07 of 1st period - Stopped by Phoenix Copley with a rebound.
14:25 of 1st period - Snap shot by Anton Blidh.
14:25 of 1st period - Shot Misses the Net.
14:27 of 1st period - Slapshot by Noah Juulsen.
14:27 of 1st period - Deflect By Daniel Audette.
14:27 of 1st period - Stopped by Phoenix Copley without a rebound.
14:28 of 1st period - Ondrej Kase wins face-off versus Radek Faksa in Monsters zone.
14:28 of 1st period - Ondrej Kase is hit by Noah Juulsen.
14:54 of 1st period - Tarmo Reunanen is hit by Noah Juulsen and loses puck.
15:33 of 1st period - Aaron Ness is hit by Brett Kulak and loses puck.
16:05 of 1st period - Snap shot by Radek Faksa.
16:05 of 1st period - Stopped by Phoenix Copley without a rebound.
16:06 of 1st period - Jared Knight wins face-off versus Carter Ashton in Monsters zone.
16:35 of 1st period - Wrist shot by Matt Calvert.
16:35 of 1st period - Stopped by Louis Domingue with a rebound.
16:37 of 1st period - Wrist shot by Ondrej Kase.
16:37 of 1st period - Shot Misses the Net.
16:39 of 1st period - Slapshot by Matt Calvert.
16:39 of 1st period - Shot Misses the Net.
16:41 of 1st period - Slapshot by Aaron Ness.
16:41 of 1st period - Stopped by Louis Domingue with a rebound.
16:55 of 1st period - Dillon Heatherington is hit by Alexander Nylander and loses puck.
17:07 of 1st period - Wrist shot by Nikita Gusev.
17:07 of 1st period - Shot Misses the Net.
17:27 of 1st period - Slapshot by Austen Brassard.
17:27 of 1st period - Shot Blocked by Joakim Nordstrom.
18:23 of 1st period - Zack Hamill is hit by Marc Michaelis and loses puck.
18:42 of 1st period - Jared Knight is hit by Anton Blidh and loses puck.
19:00 of 1st period - Alex Petrovic is hit by Matt Calvert and loses puck.
19:23 of 1st period - Slapshot by Radek Faksa.
19:23 of 1st period - Shot Blocked by Maxim Mamin.
19:25 of 1st period - Snap shot by Corey Tropp.
19:25 of 1st period - Stopped by Phoenix Copley without a rebound.
19:26 of 1st period - John Quenneville wins face-off versus Maxim Mamin in Monsters zone.
19:27 of 1st period - Slapshot by Carter Ashton.
19:27 of 1st period - Stopped by Phoenix Copley with a rebound.
19:29 of 1st period - Wrist shot by Chrstian Dvorak.
19:29 of 1st period - Shot Misses the Net.
19:31 of 1st period - Slapshot by Brett Kulak.
19:31 of 1st period - Shot Misses the Net.
19:33 of 1st period - Slapshot by Alex Petrovic.
19:33 of 1st period - Shot Misses the Net.
19:35 of 1st period - Slapshot by Brett Kulak.
19:35 of 1st period - Stopped by Phoenix Copley with a rebound.
19:37 of 1st period - Snap shot by Carter Ashton.
19:37 of 1st period - Goal by Carter Ashton - Monsters : 0 - Punishers : 1.
19:38 of 1st period - Radek Faksa wins face-off versus Christian Hanson in neutral zone.
19:41 of 1st period - Snap shot by Corey Tropp.
19:41 of 1st period - Shot Blocked by Matt Calvert.
Goals for this period are 0 for Monsters vs 1 for Punishers.
Shots for this period are 9 for Monsters vs 15 for Punishers.

2nd period


0:01 of 2nd period - Christian Hanson wins face-off versus Radek Faksa in neutral zone.
0:01 of 2nd period - Aaron Ness is hit by Brett Kulak and loses puck.
0:12 of 2nd period - Radek Faksa is hit by Christian Hanson and loses puck.
0:21 of 2nd period - Minor Penalty to Tyler Bertuzzi for High sticking.
0:22 of 2nd period - Christian Hanson wins face-off versus Zack Hamill in Punishers zone.
0:23 of 2nd period - Backhand shot by Matt Calvert.
0:23 of 2nd period - Shot Misses the Net.
0:25 of 2nd period - Snap shot by Christian Hanson.
0:25 of 2nd period - Shot Misses the Net.
0:27 of 2nd period - Slapshot by Aaron Ness.
0:27 of 2nd period - Stopped by Louis Domingue with a rebound.
0:29 of 2nd period - Snap shot by Christian Hanson.
0:29 of 2nd period - Goal by Christian Hanson - Monsters : 1 - Punishers : 1.
0:30 of 2nd period - Christian Hanson wins face-off versus Radek Faksa in neutral zone.
0:34 of 2nd period - Icing by Radek Faksa.
0:35 of 2nd period - Christian Hanson wins face-off versus Radek Faksa in Punishers zone.
0:36 of 2nd period - Wrist shot by Ondrej Kase.
0:36 of 2nd period - Shot Misses the Net.
1:20 of 2nd period - Slapshot by Joakim Nordstrom.
1:20 of 2nd period - Shot Misses the Net.
1:54 of 2nd period - Noah Juulsen is hit by Matt Calvert and loses puck.
2:56 of 2nd period - Slapshot by Jared Knight.
2:56 of 2nd period - Stopped by Louis Domingue with a rebound.
3:38 of 2nd period - Snap shot by Austen Brassard.
3:38 of 2nd period - Stopped by Phoenix Copley without a rebound.
3:39 of 2nd period - Jared Knight wins face-off versus John Quenneville in Monsters zone.
3:44 of 2nd period - Slapshot by Jared Knight.
3:44 of 2nd period - Shot Misses the Net.
3:54 of 2nd period - Snap shot by Jared Knight.
3:54 of 2nd period - Stopped by Louis Domingue with a rebound.
4:29 of 2nd period - Slapshot by Brett Kulak.
4:29 of 2nd period - Stopped by Phoenix Copley with a rebound.
4:35 of 2nd period - Alex Petrovic is hit by Joakim Nordstrom and loses puck.
6:00 of 2nd period - Snap shot by Daniel Audette.
6:00 of 2nd period - Shot Misses the Net.
6:02 of 2nd period - Wrist shot by Daniel Audette.
6:02 of 2nd period - Shot Misses the Net.
6:14 of 2nd period - Bobby Farnham is hit by Brett Kulak and loses puck.
6:21 of 2nd period - Wrist shot by Nikita Gusev.
6:21 of 2nd period - Shot Misses the Net.
6:23 of 2nd period - Slapshot by Alexander Nylander.
6:23 of 2nd period - Stopped by Phoenix Copley without a rebound.
6:24 of 2nd period - Christian Hanson wins face-off versus Radek Faksa in Monsters zone.
6:29 of 2nd period - Radek Faksa is hit by Christian Hanson and loses puck.
7:09 of 2nd period - Slapshot by Marc Michaelis.
7:09 of 2nd period - Stopped by Louis Domingue without a rebound.
7:10 of 2nd period - Zack Hamill wins face-off versus Maxim Mamin in Punishers zone.
7:10 of 2nd period - Zack Hamill is hit by Dillon Heatherington.
7:42 of 2nd period - Slapshot by Alex Petrovic.
7:42 of 2nd period - Shot Misses the Net.
8:03 of 2nd period - Minor Penalty to Mitch Marner for Slashing.
8:04 of 2nd period - Corey Tropp wins face-off versus Matt Calvert in Monsters zone.
8:39 of 2nd period - Noah Juulsen is hit by Christian Hanson and loses puck.
8:51 of 2nd period - Off-side.
8:52 of 2nd period - Radek Faksa wins face-off versus Ondrej Kase in neutral zone.
8:55 of 2nd period - Matt Grzelcyk is hit by Tyler Bertuzzi and loses puck.
9:30 of 2nd period - Dillon Heatherington is hit by Artem Zub and loses puck.
10:02 of 2nd period - Aaron Ness is hit by Tyler Bertuzzi and loses puck.
10:03 of 2nd period - Penalty to Mitch Marner is over, Mitch Marner is back on ice.
10:19 of 2nd period - Zack Hamill is hit by Joakim Nordstrom.
10:23 of 2nd period - Joakim Nordstrom is hit by Zack Hamill and loses puck.
10:56 of 2nd period - Wrist shot by Marc Michaelis.
10:56 of 2nd period - Shot Misses the Net.
10:58 of 2nd period - Slapshot by Victor Mete.
10:58 of 2nd period - Shot Misses the Net.
11:04 of 2nd period - Slapshot by Marc Michaelis.
11:04 of 2nd period - Shot Misses the Net.
11:16 of 2nd period - Niko Mikkola is hit by Aaron Ness and loses puck.
12:12 of 2nd period - Morgan Rielly is hit by Chrstian Dvorak and loses puck.
12:17 of 2nd period - Snap shot by Carter Ashton.
12:17 of 2nd period - Stopped by Phoenix Copley without a rebound.
12:18 of 2nd period - Radek Faksa wins face-off versus Ryan Fitzgerald in Monsters zone.
12:27 of 2nd period - Snap shot by Corey Tropp.
12:27 of 2nd period - Shot Misses the Net.
12:29 of 2nd period - Slapshot by Tyler Bertuzzi.
12:29 of 2nd period - Shot Misses the Net.
12:31 of 2nd period - Slapshot by Connor Clifton.
12:31 of 2nd period - Shot Misses the Net.
12:33 of 2nd period - Wrist shot by Corey Tropp.
12:33 of 2nd period - Shot Misses the Net.
13:11 of 2nd period - Maxim Mamin is hit by Chrstian Dvorak and loses puck.
13:16 of 2nd period - Snap shot by Carter Ashton.
13:16 of 2nd period - Stopped by Phoenix Copley without a rebound.
13:17 of 2nd period - Radek Faksa wins face-off versus Christian Hanson in Monsters zone.
13:18 of 2nd period - Wrist shot by Tyler Bertuzzi.
13:18 of 2nd period - Shot Misses the Net.
13:21 of 2nd period - Icing by Dillon Heatherington.
13:22 of 2nd period - Radek Faksa wins face-off versus Matt Calvert in Monsters zone.
13:33 of 2nd period - Snap shot by Ondrej Kase.
13:33 of 2nd period - Shot Blocked by Brett Kulak.
13:35 of 2nd period - Slapshot by Matt Grzelcyk.
13:35 of 2nd period - Stopped by Louis Domingue without a rebound.
13:36 of 2nd period - Radek Faksa wins face-off versus Christian Hanson in Punishers zone.
13:47 of 2nd period - Snap shot by Tyler Bertuzzi.
13:47 of 2nd period - Shot Blocked by Matt Calvert.
13:49 of 2nd period - Slapshot by Alex Petrovic.
13:49 of 2nd period - Shot Blocked by Morgan Rielly.
13:51 of 2nd period - Snap shot by Radek Faksa.
13:51 of 2nd period - Goal by Radek Faksa - Monsters : 1 - Punishers : 2.
13:52 of 2nd period - Christian Hanson wins face-off versus Radek Faksa in neutral zone.
15:54 of 2nd period - Tarmo Reunanen is hit by Anton Blidh and loses puck.
16:12 of 2nd period - Off-side.
16:13 of 2nd period - Maxim Mamin wins face-off versus Tyler Bertuzzi in neutral zone.
16:45 of 2nd period - Slapshot by Anton Blidh.
16:45 of 2nd period - Deflect By Austen Brassard.
16:45 of 2nd period - Stopped by Phoenix Copley with a rebound.
16:47 of 2nd period - Slapshot by Niko Mikkola.
16:47 of 2nd period - Shot Blocked by Tarmo Reunanen.
16:49 of 2nd period - Snap shot by Daniel Audette.
16:49 of 2nd period - Stopped by Phoenix Copley without a rebound.
16:50 of 2nd period - Christian Hanson wins face-off versus Radek Faksa in Monsters zone.
17:16 of 2nd period - Mitch Marner is hit by John Quenneville and loses puck.
17:45 of 2nd period - Wrist shot by Zack Hamill.
17:45 of 2nd period - Deflect By Alexander Nylander.
17:45 of 2nd period - Shot Blocked by Morgan Rielly.
17:45 of 2nd period - Puck is out of play.
17:46 of 2nd period - Radek Faksa wins face-off versus Christian Hanson in Monsters zone.
18:57 of 2nd period - Radek Faksa is hit by Ondrej Kase and loses puck.
19:02 of 2nd period - Snap shot by Matt Calvert.
19:02 of 2nd period - Deflect By Artem Zub.
19:02 of 2nd period - Shot Blocked by Artem Zub.
19:02 of 2nd period - Puck is out of play.
19:03 of 2nd period - John Quenneville wins face-off versus Jared Knight in Punishers zone.
Goals for this period are 1 for Monsters vs 1 for Punishers.
Shots for this period are 6 for Monsters vs 8 for Punishers.

3rd period


0:01 of 3rd period - Christian Hanson wins face-off versus Radek Faksa in neutral zone.
0:01 of 3rd period - Ondrej Kase is hit by Radek Faksa and loses puck.
0:08 of 3rd period - Slapshot by Matt Calvert.
0:08 of 3rd period - Shot Misses the Net.
0:10 of 3rd period - Snap shot by Ondrej Kase.
0:10 of 3rd period - Deflect By Alex Petrovic.
0:10 of 3rd period - Shot Blocked by Corey Tropp.
0:10 of 3rd period - Puck is out of play.
0:11 of 3rd period - Radek Faksa wins face-off versus Christian Hanson in Punishers zone.
0:13 of 3rd period - Minor Penalty to Tyler Bertuzzi for Goalie Interference.
0:14 of 3rd period - Zack Hamill wins face-off versus Christian Hanson in Punishers zone.
0:28 of 3rd period - Slapshot by Matt Calvert.
0:28 of 3rd period - Shot Misses the Net.
0:30 of 3rd period - Wrist shot by Morgan Rielly.
0:30 of 3rd period - Shot Misses the Net.
0:48 of 3rd period - Snap shot by Mitch Marner.
0:48 of 3rd period - Shot Misses the Net.
1:10 of 3rd period - Wrist shot by John Quenneville.
1:10 of 3rd period - Stopped by Phoenix Copley with a rebound.
1:28 of 3rd period - Wrist shot by Anton Blidh.
1:28 of 3rd period - Stopped by Phoenix Copley with a rebound.
2:13 of 3rd period - Penalty to Tyler Bertuzzi is over, Tyler Bertuzzi is back on ice.
2:24 of 3rd period - Snap shot by Austen Brassard.
2:24 of 3rd period - Shot Misses the Net.
2:26 of 3rd period - Backhand shot by Austen Brassard.
2:26 of 3rd period - Stopped by Phoenix Copley with a rebound.
2:47 of 3rd period - Carter Ashton is hit by Maxim Mamin.
2:53 of 3rd period - Icing by Dillon Heatherington.
2:54 of 3rd period - Maxim Mamin wins face-off versus Radek Faksa in Monsters zone.
3:20 of 3rd period - Snap shot by Maxim Mamin.
3:20 of 3rd period - Shot Misses the Net.
3:26 of 3rd period - Daniel Audette is hit by Matt Grzelcyk and loses puck.
3:43 of 3rd period - Wrist shot by John Quenneville.
3:43 of 3rd period - Stopped by Phoenix Copley with a rebound.
4:01 of 3rd period - Wrist shot by Dillon Heatherington.
4:01 of 3rd period - Shot Blocked by Artem Zub.
4:03 of 3rd period - Snap shot by Matt Grzelcyk.
4:03 of 3rd period - Stopped by Louis Domingue with a rebound.
4:05 of 3rd period - Snap shot by Ryan Fitzgerald.
4:05 of 3rd period - Stopped by Louis Domingue with a rebound.
4:09 of 3rd period - Snap shot by Joakim Nordstrom.
4:09 of 3rd period - Stopped by Louis Domingue with a rebound.
4:11 of 3rd period - Snap shot by Bobby Farnham.
4:11 of 3rd period - Shot Blocked by Noah Juulsen.
4:13 of 3rd period - Snap shot by Bobby Farnham.
4:13 of 3rd period - Shot Misses the Net.
4:31 of 3rd period - Snap shot by Ondrej Kase.
4:31 of 3rd period - Deflect By Radek Faksa.
4:31 of 3rd period - Stopped by Louis Domingue with a rebound.
4:33 of 3rd period - Wrist shot by Ondrej Kase.
4:33 of 3rd period - Shot Blocked by Artem Zub.
6:02 of 3rd period - Snap shot by John Quenneville.
6:02 of 3rd period - Shot Misses the Net.
6:04 of 3rd period - Wrist shot by Chrstian Dvorak.
6:04 of 3rd period - Stopped by Phoenix Copley with a rebound.
6:22 of 3rd period - Anton Blidh is hit by Jared Knight and loses puck.
6:42 of 3rd period - Wrist shot by Alexander Nylander.
6:42 of 3rd period - Shot Misses the Net.
6:52 of 3rd period - Niko Mikkola is hit by Victor Mete and loses puck.
7:03 of 3rd period - Snap shot by Maxim Mamin.
7:03 of 3rd period - Stopped by Louis Domingue with a rebound.
7:05 of 3rd period - Snap shot by Dillon Heatherington.
7:05 of 3rd period - Stopped by Louis Domingue without a rebound.
7:06 of 3rd period - Radek Faksa wins face-off versus Maxim Mamin in Punishers zone.
7:19 of 3rd period - Slapshot by Alex Petrovic.
7:19 of 3rd period - Shot Misses the Net.
7:55 of 3rd period - Daniel Audette is hit by Ryan Fitzgerald and loses puck.
8:46 of 3rd period - Wrist shot by Corey Tropp.
8:46 of 3rd period - Shot Misses the Net.
9:01 of 3rd period - Off-side.
9:02 of 3rd period - Jared Knight wins face-off versus Radek Faksa in neutral zone.
9:18 of 3rd period - Alex Petrovic is hit by Jared Knight.
9:50 of 3rd period - Wrist shot by Joakim Nordstrom.
9:50 of 3rd period - Stopped by Louis Domingue with a rebound.
10:41 of 3rd period - Snap shot by Tyler Bertuzzi.
10:41 of 3rd period - Shot Blocked by Ondrej Kase.
10:43 of 3rd period - Wrist shot by Tyler Bertuzzi.
10:43 of 3rd period - Goal by Tyler Bertuzzi - Monsters : 1 - Punishers : 3.
10:44 of 3rd period - Radek Faksa wins face-off versus Christian Hanson in neutral zone.
10:48 of 3rd period - Minor Penalty to Matt Calvert for Delaying the game.
10:49 of 3rd period - Radek Faksa wins face-off versus Francis Perron in Monsters zone.
10:49 of 3rd period - Snap shot by Corey Tropp.
10:49 of 3rd period - Goal by Corey Tropp - Monsters : 1 - Punishers : 4.
10:50 of 3rd period - Radek Faksa wins face-off versus Christian Hanson in neutral zone.
11:15 of 3rd period - Corey Tropp is hit by Joakim Nordstrom and loses puck.
11:26 of 3rd period - Snap shot by Bobby Farnham.
11:26 of 3rd period - Shot Misses the Net.
11:28 of 3rd period - Slapshot by Bobby Farnham.
11:28 of 3rd period - Stopped by Louis Domingue without a rebound.
11:29 of 3rd period - Christian Hanson wins face-off versus John Quenneville in Punishers zone.
11:45 of 3rd period - Off-side.
11:46 of 3rd period - Zack Hamill wins face-off versus Jared Knight in neutral zone.
11:49 of 3rd period - Snap shot by Alex Petrovic.
11:49 of 3rd period - Stopped by Phoenix Copley without a rebound.
11:50 of 3rd period - Jared Knight wins face-off versus Zack Hamill in Monsters zone.
12:03 of 3rd period - Jared Knight is hit by Zack Hamill and loses puck.
12:15 of 3rd period - Off-side.
12:16 of 3rd period - Christian Hanson wins face-off versus Radek Faksa in neutral zone.
12:41 of 3rd period - Dillon Heatherington is hit by Carter Ashton and loses puck.
13:24 of 3rd period - Wrist shot by Daniel Audette.
13:24 of 3rd period - Deflect By Austen Brassard.
13:24 of 3rd period - Shot Blocked by Dillon Heatherington.
13:24 of 3rd period - Puck is out of play.
13:25 of 3rd period - Daniel Audette wins face-off versus Maxim Mamin in Monsters zone.
13:40 of 3rd period - Snap shot by Maxim Mamin.
13:40 of 3rd period - Stopped by Louis Domingue with a rebound.
13:52 of 3rd period - Snap shot by Corey Tropp.
13:52 of 3rd period - Shot Misses the Net.
15:53 of 3rd period - Snap shot by Ondrej Kase.
15:53 of 3rd period - Stopped by Louis Domingue with a rebound.
15:55 of 3rd period - Snap shot by Morgan Rielly.
15:55 of 3rd period - Stopped by Louis Domingue without a rebound.
15:56 of 3rd period - Radek Faksa wins face-off versus Jared Knight in Punishers zone.
16:09 of 3rd period - Wrist shot by Corey Tropp.
16:09 of 3rd period - Shot Blocked by Austin Watson.
16:37 of 3rd period - Snap shot by Chrstian Dvorak.
16:37 of 3rd period - Stopped by Phoenix Copley with a rebound.
17:52 of 3rd period - Wrist shot by Carter Ashton.
17:52 of 3rd period - Shot Misses the Net.
17:54 of 3rd period - Wrist shot by John Quenneville.
17:54 of 3rd period - Shot Misses the Net.
17:56 of 3rd period - Slapshot by Noah Juulsen.
17:56 of 3rd period - Stopped by Phoenix Copley with a rebound.
17:58 of 3rd period - Slapshot by Brett Kulak.
17:58 of 3rd period - Shot Misses the Net.
18:10 of 3rd period - Tarmo Reunanen is hit by Alexander Nylander and loses puck.
18:17 of 3rd period - Wrist shot by Nikita Gusev.
18:17 of 3rd period - Stopped by Phoenix Copley with a rebound.
18:19 of 3rd period - Slapshot by Niko Mikkola.
18:19 of 3rd period - Stopped by Phoenix Copley with a rebound.
18:21 of 3rd period - Snap shot by Alexander Nylander.
18:21 of 3rd period - Shot Blocked by Ondrej Kase.
18:52 of 3rd period - Austin Watson is hit by Carter Ashton and loses puck.
19:11 of 3rd period - Bobby Farnham is hit by Corey Tropp and loses puck.
19:36 of 3rd period - Maxim Mamin is hit by Nikita Gusev and loses puck.
19:50 of 3rd period - Off-side.
19:51 of 3rd period - Jared Knight wins face-off versus Daniel Audette in neutral zone.
19:54 of 3rd period - Connor Clifton is hit by Matt Grzelcyk and loses puck.
Goals for this period are 0 for Monsters vs 2 for Punishers.
Shots for this period are 11 for Monsters vs 12 for Punishers. Output by the SimonT Hockey Simulator (STHS) for Francois Prevost - Original Page W3C HTML5 Valid
Hockey Simulator - Hockey Simulation - Hockey Manager